 Dungeon Crawl Stone Soup version 0.24.0-10-g970556be89 (webtiles) character file.

Game seed: 18375883397493308427, levelgen mode: deterministic

13211 Goblin1989 the Thaumaturge (level 11, -1/67 (68) HPs)
             Began as a Demonspawn Wizard on Oct 27, 2019.
             Was an Elder of Vehumet.
             Slain by a black mamba (16 damage)
             ... on level 1 of the Lair of Beasts on Nov 5, 2019.
             The game lasted 01:36:31 (22179 turns).

Goblin1989 the Thaumaturge (Demonspawn Wizard)     Turns: 22179, Time: 01:36:33

HP:   -1/67 (68)    AC: 10    Str: 10    XL:     11   Next: 72%
MP:   6/27          EV: 12    Int: 22    God:    Vehumet [****..]
Gold: 428           SH:  5    Dex: 17    Spells: 14/34 levels left

rFire    + . .     SeeInvis .   W - +4 dagger (venom)
rCold    . . .     Gourm    .   k - +0 buckler
rNeg     . . .     Faith    .   s - +3 leather armour {rPois}
rPois    +         Spirit   .   b - +0 hat
rElec    .         Reflect  .   M - +1 cloak
rCorr    .         Harm     .   (no gloves)
MR       .....                  (boots unavailable)
Stlth    +.........             N - amulet of the Prince {RegenMP Str+2}
HPRegen  1.21/turn              S - +5 ring of dexterity
MPRegen  0.45/turn              f - ring of protection from fire (curse)

@: very slightly contaminated, lightly drained
A: hooves 3, thin metallic scales 1, demonic guardian 1, powered by death 1
a: Renounce Religion


You were on level 1 of the Lair of Beasts.
You worshipped Vehumet.
Vehumet was greatly pleased with you.
You were not hungry.

You visited 3 branches of the dungeon, and saw 13 of its levels.

You collected 884 gold pieces.
You spent 456 gold pieces at shops.

Inventory:

Hand Weapons
 E - a +0 short sword of protection
 I - a +0 dagger of chaos
 W - a +4 dagger of venom (weapon)
Missiles
 w - 11 curare-tipped darts (quivered)
 V - 17 boomerangs
 X - 41 poisoned darts
 Y - 3 javelins {@Q2}
Armour
 b - a +0 hat (worn)
 k - a +0 buckler (worn)
 q - a +0 troll leather armour
 s - a +3 leather armour of poison resistance (worn)
 M - a +1 cloak (worn)
 Z - a +0 shield
Magical Staves
 y - an uncursed staff of earth
Jewellery
 f - a cursed ring of protection from fire (right hand)
 n - an uncursed ring of ice
 J - an uncursed amulet of the gourmand
 N - the amulet of the Prince (around neck) {RegenMP Str+2}
   (You found it on level 4 of the Dungeon)

   [amulet of magic regeneration]

   It increases your magic regeneration.
   It affects your strength (+2).
 O - an uncursed amulet of harm
 S - a +5 ring of dexterity (left hand)
Wands
 z - a wand of enslavement (5)
 A - a wand of clouds (5) {@v3}
 C - a wand of acid (11) {@v2}
 D - a wand of flame (21) {@v6}
 T - a wand of random effects (38)
Scrolls
 o - 6 scrolls of teleportation {!r, @r2}
 r - a scroll of fear
 F - 2 scrolls of immolation
 G - 2 scrolls of enchant weapon
 L - 11 scrolls of remove curse {@r3}
 P - 3 scrolls of magic mapping
 U - 2 scrolls of enchant armour
Potions
 h - 3 potions of heal wounds {@q2}
 j - 2 potions of agility {@q5}
 m - a potion of berserk rage
 t - a potion of brilliance
 u - 3 potions of might {@q4}
 v - a potion of flight {unknown}
 x - 3 potions of mutation {!q}
 H - a potion of ambrosia
 K - a potion of invisibility
 Q - 3 potions of curing {@q1}
 R - a potion of lignification {unknown}
Comestibles
 e - 26 rations
 p - a chunk of flesh


   Skills:
 - Level 1.7 Dodging
 - Level 1.7 Stealth
 - Level 4.0 Shields
 - Level 12.0(11.9) Spellcasting
 + Level 9.6(9.5) Conjurations
 - Level 3.0(2.9) Summonings
 * Level 1.1 Necromancy
 - Level 0.8 Translocations
 + Level 7.8 Fire Magic


You had 14 spell levels left.
You knew the following spells:

 Your Spells              Type           Power        Failure   Level  Hunger
a - Inner Flame           Hex/Fire       ####....     1%          3    None
b - Call Imp              Summ           ####....     3%          2    None
c - Bolt of Draining      Conj/Necr      #####.....   5%          5    ####...
d - Blink                 Tloc           N/A          8%          2    None
e - Throw Flame           Conj/Fire      ######       1%          2    None
j - Conjure Flame         Conj/Fire      ######..     1%          3    None
m - Mephitic Cloud        Conj/Pois/Air  ####....     1%          3    None

Your spell library contained the following spells:

 Spells                   Type           Power        Failure   Level  Hunger
 Magic Dart               Conj           ####         1%          1    None
 Slow                     Hex            ##......     11%         2    None


Dungeon Overview and Level Annotations

Branches:
Dungeon (11/15)            Temple (1/1) D:5            Lair (1/6) D:11
    Orc (0/2) D:9

Altars:
Ashenzari
Cheibriados
Dithmenos
Elyvilon
Fedhas
Gozag
Hepliaklqana
Kikubaaqudgha
Makhleb
Nemelex Xobeh
Okawaru
Qazlal
Ru
Trog
Uskayaw
Vehumet
Xom
Zin
The Shining One

Shops:
D:7 ?   D:9 [

Annotations:
D:3 Robin
D:9 2 transporters, Qawul's ghost, novice DEEE
D:10 exclusion: downstairs
D:11 4 runed translucent doors


Innate Abilities, Weirdness & Mutations

You have hooves in place of feet.
You are partially covered in thin metallic scales. (AC +2)
A weak demonic guardian rushes to your aid.
You regenerate a little health from kills.


Message History

Casting: Blink (safe; 8% risk of failure)
Confirm with . or Enter, or press ? or * to list all spells.
Aiming: Conjure Flame (safe; 1% risk of failure)
Press: ? - help, Dir - move target cursor The fire ignites!
You now have 19/27 mp.
Casting: Conjure Flame (safe; 1% risk of failure)
Confirm with . or Enter, or press ? or * to list all spells.
Aiming: Conjure Flame (safe; 1% risk of failure)
Press: ? - help, Dir - move target cursor The fire ignites!
You now have 16/27 mp.
Casting: Conjure Flame (safe; 1% risk of failure)
Confirm with . or Enter, or press ? or * to list all spells.
Aiming: Inner Flame (safe; 1% risk of failure)
Press: ? - help, Shift-Dir - straight line, f - wolf
Aim: a wolf (chance to defeat MR: 84%)
The wolf is filled with an inner flame.
Something bites your ufetubus.
Your ufetubus is poisoned.
Something poisons your ufetubus!
You now have 14/27 mp.
Unknown command.
Casting: Inner Flame (safe; 1% risk of failure)
Confirm with . or Enter, or press ? or * to list all spells.
Aiming: Throw Flame (safe; 1% risk of failure)
Press: ? - help, Shift-Dir - straight line, f - wolf
Aim: a wolf (moderately wounded)
The puff of flame hits the wolf!
The wolf is severely wounded.
Your ufetubus barely misses the wolf.
Your ufetubus closely misses the wolf.
You now have 12/27 mp.
Casting: Throw Flame (safe; 1% risk of failure)
Confirm with . or Enter, or press ? or * to list all spells.
Aiming: Throw Flame (safe; 1% risk of failure)
Press: ? - help, Shift-Dir - straight line, f/p - wolf
Aim: a wolf (severely wounded)
The puff of flame hits the wolf.
The wolf is almost dead.
Your ufetubus barely misses the wolf.
Your ufetubus closely misses the wolf.
You now have 10/27 mp.
Casting: Throw Flame (safe; 1% risk of failure)
Confirm with . or Enter, or press ? or * to list all spells.
Aiming: Throw Flame (safe; 1% risk of failure)
Press: ? - help, Shift-Dir - straight line, f - wolf
Aim: a wolf (inner flame)
The puff of flame hits the wolf!
The wolf is moderately wounded.
The yak gores your ufetubus.
The black mamba barely misses your ufetubus.
Something misses your ufetubus. Something bites your ufetubus.
Your ufetubus closely misses the yak.
Your ufetubus hits the yak.
You now have 9/27 mp.
Casting: Throw Flame (safe; 1% risk of failure)
Confirm with . or Enter, or press ? or * to list all spells.
Aiming: Throw Flame (safe; 1% risk of failure)
Press: ? - help, Shift-Dir - straight line, f - yak
Aim: a yak (lightly wounded)
Your demonic guardian avoids your attack.
The puff of flame hits the yak.
The yak is lightly wounded.
Your ufetubus dies!
The black mamba bites your ufetubus!
Your ufetubus dies!
You now have 7/27 mp.
Unknown command.
Casting: Throw Flame (safe; 1% risk of failure)
Confirm with . or Enter, or press ? or * to list all spells.
Aiming: Throw Flame (safe; 1% risk of failure)
Press: ? - help, Shift-Dir - straight line, f/p - yak
Aim: a yak (flame, lightly wounded)
The puff of flame hits the yak.
The yak is moderately wounded.
The yak is engulfed in blazing flames.
The yak gores you but does no damage.
You now have 6/27 mp.
Casting: Throw Flame (safe; 1% risk of failure)
Confirm with . or Enter, or press ? or * to list all spells.
Aiming: Throw Flame (safe; 1% risk of failure)
Press: ? - help, Shift-Dir - straight line, f/p - yak
Aim: a yak (flame, severely wounded)
The puff of flame hits the yak!
You kill the yak!
Vehumet accepts your kill.
You feel your power returning.
Your Necromancy skill increases to level 1!
Unknown command.
Unknown command.
Casting: Throw Flame (safe; 1% risk of failure)
Confirm with . or Enter, or press ? or * to list all spells.
Aiming: Throw Flame (safe; 1% risk of failure)
Press: ? - help, Shift-Dir - straight line, f - black mamba
Aim: a black mamba (flame)
The puff of flame hits the black mamba.
The black mamba is lightly wounded.
The black mamba is engulfed in blazing flames.
The black mamba bites you!
* * * LOW HITPOINT WARNING * * *
The black mamba is engulfed in blazing flames.
The black mamba bites you!
You die...

.........█....█ █[..████
██...........P█ █..██≈≈██
██...█.......██ .†█≈Y.§██
█..██████....████.█≈█≈Y!█
█..█ ████...█..█.█5..█ ██..
█..█ █P.......██§██.██...
██..█ ███......████..██...
██...█ ██Sh.....█...█...█
..>..█ █@█.........██..██
..██.██ ██☼.......█.......
████..█ █................
██.██ █................
█..██████████.........†.████.
█...██.█........███.....█ █.
██..............██......█ ██
██./....████P..██████...█ █
█..÷█████ ███..███ █PP.█


You could see a black mamba and a wolf (inner flame).

Vanquished Creatures
  2 two-headed ogres
  Nergalle (D:11)
  A cyclops (D:11)
  A spiny frog (Lair:1)
  3 trolls
  A hornet (D:11)
  2 hippogriffs
  A wraith (D:11)
  A hog (D:7)
  7 yaks
  A hungry ghost (D:11)
  An acid dragon (D:11)
  4 water moccasins
  3 porcupines (Lair:1)
  7 orc warriors
  2 eyes of draining
  A phantom (D:9)
  2 ogres
  2 ice beasts
  3 necrophages
  8 centaurs
  6 wolves
  A big kobold (D:10)
  A wyvern zombie (D:7)
  3 bullfrogs
  Dowan (D:7)
  A wyvern skeleton (D:7)
  A scorpion (D:9)
  12 killer bees
  An electric eel (D:11)
  3 wights (D:9)
  2 howler monkeys
  2 crimson imps
  A quasit (D:5)
  8 hounds
  A jelly (D:8)
  6 orc priests
  10 orc wizards
  A centaur skeleton (D:9)
  5 bullfrog skeletons
  6 iguanas
  9 worker ants
  A hound zombie (D:6)
  A hound skeleton (D:5)
  A worker ant zombie (D:6)
  A howler monkey skeleton (D:10)
  10 adders
  7 shadow imps
  2 adder zombies
  An adder skeleton (D:4)
  2 dart slugs
  9 leopard geckos
  41 orcs
  4 giant cockroaches
  5 goblins
  4 hobgoblins
  6 jackals
  5 quokkas
  7 bats
  5 frilled lizards
  A jackal skeleton (D:9)
  2 jackal zombies
  10 kobolds
  9 rats
269 creatures vanquished.

Vanquished Creatures (collateral kills)
  An ugly thing (D:10)
  Psyche (D:8)
  A spiny frog (D:11)
  A centaur skeleton (D:11)
  A hippogriff (D:8)
  A human (D:7)
  3 hogs
  A water moccasin (D:9)
  Duvessa (D:7)
  An ice beast (D:10)
  A phantom (D:6)
  A black bear (D:8)
  A centaur (D:6)
  5 ogres
  2 bullfrogs
  A scorpion (D:5)
  3 killer bees (D:10)
  A howler monkey (D:4)
  2 crimson imps
  A hound (D:6)
  An orc priest (D:7)
  2 orc wizards
  An iguana (D:10)
  A worker ant (D:3)
  Natasha (D:3)
  4 adders
  5 worms
  A dart slug (D:3)
  9 orcs
  A giant cockroach (D:2)
  2 kobolds (D:10)
  A quokka (D:7)
  A frilled lizard (D:4)
60 creatures vanquished.

Vanquished Creatures (others)
  An orc wizard (D:11)
  6 fungi (D:6)
7 creatures vanquished.

Grand Total: 336 creatures vanquished

Notes
Turn   | Place    | Note
-------+----------+-------------------------------------------
     0 | D:1      | Goblin1989 the Demonspawn Wizard began the quest for the
                  | Orb.
     0 | D:1      | Reached XP level 1. HP: 13/13 MP: 4/4
   534 | D:1      | Gained mutation: A weak demonic guardian rushes to your
                  | aid. [demonic ancestry]
   534 | D:1      | Reached XP level 2. HP: 19/19 MP: 3/6
   944 | D:1      | Learned a level 2 spell: Call Imp
  1323 | D:1      | Gained mutation: You regenerate a little health from kills.
                  | [demonic ancestry]
  1323 | D:1      | Reached XP level 3. HP: 24/24 MP: 5/8
  1787 | D:2      | Found a faded altar of an unknown god.
  1901 | D:2      | Learned a level 2 spell: Blink
  2020 | D:2      | Found a shattered altar of Ashenzari.
  2268 | D:2      | Found a glowing silver altar of Zin.
  2736 | D:3      | Noticed Robin
  2963 | D:3      | Gained mutation: You have large cloven feet. [demonic
                  | ancestry]
  2963 | D:3      | Reached XP level 4. HP: 30/30 MP: 3/9
  3047 | D:3      | Learned a level 3 spell: Conjure Flame
  3932 | D:3      | Noticed Natasha
  3948 | D:3      | Killed Natasha
  4009 | D:3      | Noticed an ogre
  4013 | D:3      | Killed an ogre
  4013 | D:3      | Reached skill level 4 in Spellcasting
  4013 | D:3      | Reached XP level 5. HP: 29/35 MP: 0/11
  4435 | D:4      | Noticed an ogre
  4452 | D:4      | Killed an ogre
  4581 | D:4      | Reached XP level 6. HP: 41/41 MP: 4/12
  5182 | D:4      | Learned a level 3 spell: Mephitic Cloud
  5223 | D:4      | Found a hide-covered altar of Uskayaw.
  5226 | D:4      | Noticed a +0 hand axe
  5226 | D:4      | Noticed a +0 hand axe
  5264 | D:4      | Got a coiled silver amulet
  5518 | D:4      | Found a sparkling altar of Nemelex Xobeh.
  5674 | D:5      | Entered Level 5 of the Dungeon
  5679 | D:5      | Reached skill level 5 in Spellcasting
  5995 | D:5      | Identified the amulet of the Prince {RegenMP Str+2} (You
                  | found it on level 4 of the Dungeon)
  6176 | D:5      | Reached skill level 1 in Shields
  6306 | D:5      | Gained mutation: You are partially covered in thin metallic
                  | scales. (AC +2) [demonic ancestry]
  6306 | D:5      | Reached XP level 7. HP: 43/46 MP: 5/14
  6869 | D:5      | Found a staircase to the Ecumenical Temple.
  6876 | Temple   | Entered the Ecumenical Temple
  6880 | Temple   | Became a worshipper of Vehumet
  7058 | D:6      | Found an iron altar of Okawaru.
  7289 | D:6      | Reached skill level 5 in Conjurations
  7424 | D:6      | Found a shadowy altar of Dithmenos.
  7719 | D:6      | Reached skill level 6 in Spellcasting
  7719 | D:6      | Gained mutation: You have hoof-like feet. [demonic
                  | ancestry]
  7719 | D:6      | Reached XP level 8. HP: 48/52 MP: 15/17
  7800 | D:6      | Reached * piety under Vehumet
  7800 | D:6      | Offered knowledge of Sting by Vehumet.
  8734 | D:7      | Found Ihaunig's Magic Scroll Shop.
  8738 | D:7      | Bought a scroll of remove curse for 36 gold pieces
  8738 | D:7      | Bought a scroll of magic mapping for 42 gold pieces
  8738 | D:7      | Bought a scroll of teleportation for 36 gold pieces
  8738 | D:7      | Bought a scroll of enchant weapon for 90 gold pieces
  8858 | D:7      | Found a blossoming altar of Fedhas.
  9505 | D:7      | Reached skill level 7 in Spellcasting
  9523 | D:7      | Reached skill level 8 in Spellcasting
  9918 | D:7      | Reached XP level 9. HP: 50/57 MP: 16/21
 10098 | D:7      | Found a bloodstained altar of Trog.
 10185 | D:7      | Noticed Dowan
 10379 | D:7      | Reached skill level 9 in Spellcasting
 10863 | D:7      | Found a white marble altar of Elyvilon.
 11154 | D:7      | Noticed Duvessa
 11174 | D:7      | Killed Duvessa
 11251 | D:7      | Killed Dowan
 12513 | D:8      | Reached skill level 10 in Spellcasting
 12538 | D:8      | Noticed Psyche
 12623 | D:8      | Killed Psyche
 12925 | D:8      | Goblin1989: !wz
 12925 | D:8      | Goblin1989: !apt wz
 12925 | D:8      | meem: Could not understand "wz"
 12925 | D:8      | Goblin1989: !stat wz
 12925 | D:8      | Goblin1989: ?wz
 12925 | D:8      | Goblin1989: ?stats
 12925 | D:8      | Goblin1989: ?stat
 12936 | D:9      | Noticed a troll
 12948 | D:9      | Killed a troll
 13098 | D:9      | Found a transporter.
 13099 | D:9      | Noticed Qawul's ghost (novice DEEE)
 13111 | D:9      | Found a transporter.
 13111 | D:9      | Found Guotalim's Armour Shop.
 13116 | D:9      | Reached ** piety under Vehumet
 13154 | D:9      | Offered knowledge of Flame Tongue by Vehumet.
 13161 | D:9      | Reached skill level 11 in Spellcasting
 13339 | D:9      | Learned a level 1 spell: Flame Tongue
 13370 | D:9      | Gained mutation: You have hooves in place of feet. [demonic
                  | ancestry]
 13370 | D:9      | Reached XP level 10. HP: 56/63 MP: 2/25
 13371 | D:9      | Upgraded the game from 0.24.0-1-gfbc8707122 to
                  | 0.24.0-2-g5b39cebb1c
 13527 | D:9      | Reached skill level 1 in Fire Magic
 13636 | D:9      | Found a staircase to the Orcish Mines.
 13678 | D:10     | Entered Level 10 of the Dungeon
 14071 | D:10     | Noticed a two-headed ogre
 14092 | D:10     | Killed a two-headed ogre
 14735 | D:10     | Offered knowledge of Throw Flame by Vehumet.
 15419 | D:10     | Upgraded the game from 0.24.0-2-g5b39cebb1c to
                  | 0.24.0-5-g267a8d59f4
 15799 | D:9      | Found a snail-covered altar of Cheibriados.
 15874 | D:9      | Learned a level 2 spell: Throw Flame
 16069 | D:9      | Upgraded the game from 0.24.0-5-g267a8d59f4 to
                  | 0.24.0-10-g970556be89
 16091 | D:9      | Noticed a two-headed ogre
 16120 | D:9      | Killed a two-headed ogre
 16225 | D:9      | Reached *** piety under Vehumet
 16757 | D:9      | Reached skill level 12 in Spellcasting
 16830 | D:9      | Bought a +3 leather armour of poison resistance for 252
                  | gold pieces
 17816 | D:10     | Reached skill level 5 in Fire Magic
 18204 | D:11     | Noticed a brown ugly thing
 18510 | D:10     | Killed a brown ugly thing
 18812 | D:11     | Offered knowledge of Inner Flame by Vehumet.
 18834 | D:11     | Reached XP level 11. HP: 67/67 MP: 2/27
 19069 | D:11     | Found a runed translucent door.
 19075 | D:11     | Found a runed translucent door.
 19089 | D:11     | Found a runed translucent door.
 19308 | D:11     | Found a staircase to the Lair.
 19515 | D:11     | Reached **** piety under Vehumet
 19554 | D:10     | Learned a level 3 spell: Inner Flame
 20148 | D:11     | Found a runed translucent door.
 20207 | D:11     | Offered knowledge of Bolt of Draining by Vehumet.
 20979 | Lair:1   | Entered Level 1 of the Lair of Beasts
 21293 | Lair:1   | Noticed Nergalle
 21496 | D:11     | Killed Nergalle
 22039 | Lair:1   | Learned a level 5 spell: Bolt of Draining
 22178 | Lair:1   | Reached skill level 1 in Necromancy
 22179 | Lair:1   | Slain by a black mamba

Levels and vault maps discovered:
D:1:      enne_arrival_octagon_isle, layout_basic
D:2:      layout_loops_cross, nicolae_ashenzari_panopticon,
          lemuel_crystal_altar, first_ration, chequers_ecumenical_altar_island,
          kennysheep_generic_room_12
D:3:      kb_forest_paths, layout_loops_ring, uniq_robin, uniq_natasha
D:4:      layout_basic, kennysheep_little_box, dancing_weapons_uskayaw
D:5:      layout_gridville, minmay_temple_entry_fiery
D:6:      layout_basic, lemuel_doored_altar, grunt_dithmenos_smoke,
          serial_aquarium, aquarium_bridge_straight [aquarium_subvault_bridge,
          aquarium_subvault_wall, aquarium_subvault_bridge,
          aquarium_subvault_window], aquarium_bridge_straight
          [aquarium_subvault_bridge, aquarium_subvault_balcony,
          aquarium_subvault_bridge, aquarium_subvault_wall], aquarium_window_1,
          aquarium_window_corner, aquarium_window_1, aquarium_window_1,
          aquarium_view_2c, aquarium_view_2c, aquarium_pool_side, minivault_22,
          hex_intersection, minivault_24, kennysheep_crisscross
D:7:      layout_basic, overflow_temple_1_default, kennysheep_mini_moat,
          marbit_many_paths, serial_shops, nicolae_shop_crystal,
          grunt_livestock, minmay_between, uniq_duvessa
D:8:      layout_loops_corners, chequers_serial_rivers_marsh, uniq_psyche
D:9:      layout_long_grid, lemuel_round_altar, orc_david_3,
          gammafunk_ghost_stat_death
D:10:     cheibrodos_iron_armory, layout_irregular_city
D:11:     layout_loops_cross, erik_lair_island, minmay_statue_crystal_thing
Temple:   nicolae_temple_x_marks_the_god
Lair:1:   layout_layer_cave, beast_lair_carwin_6, uniq_grum, uniq_nergalle

Skill      XL: |  1  2  3  4  5  6  7  8  9 10 11 |
---------------+----------------------------------+-----
Conjurations   | 2 3 4 5 6 7 9 |  9.6
Summonings     | 2 3 |  3.0
Spellcasting   | 4 5 6 8 11 12 | 12.0
Shields        | 1 3 4 |  4.0
Fire Magic     | 5 7 |  7.8
Necromancy     | 1 |  1.1
Dodging        | |  1.7
Stealth        | |  1.7
Translocations | |  0.8

Action                   |  1- 3 |  4- 6 |  7- 9 | 10-12 || total
-------------------------+-------+-------+-------+-------++-------
Melee: Unarmed           |    45 |     1 |       |       ||    46
       Short sword       |       |    79 |   178 |       ||   257
       Kick              |       |    18 |    48 |     1 ||    67
       Dagger            |       |       |    35 |    15 ||    50
Throw: Dart              |       |       |    12 |       ||    12
 Cast: Magic Dart        |    96 |   119 |   223 |    41 ||   479
       Call Imp          |     9 |    33 |   104 |    46 ||   192
       Mephitic Cloud    |       |       |     2 |     7 ||     9
       Flame Tongue      |       |       |     8 |    88 ||    96
       Throw Flame       |       |       |       |   377 ||   377
       Conjure Flame     |       |       |       |    47 ||    47
       Blink             |       |       |       |    19 ||    19
       Inner Flame       |       |       |       |     3 ||     3
Evoke: Wand              |       |       |       |     3 ||     3
  Use: Scroll            |       |     2 |     7 |    13 ||    22
       Potion            |       |       |       |     5 ||     5
 Stab: Distracted        |       |       |     1 |       ||     1
  Eat: Chunk             |     6 |    19 |    23 |    12 ||    60
       Ration            |       |       |       |     2 ||     2
Armor: Robe              |    25 |    39 |    94 |    11 ||   169
       Leather armour    |       |       |       |    23 ||    23
Dodge: Dodged            |    57 |    68 |   178 |   126 ||   429
Block: Buckler           |       |     4 |    86 |    50 ||   140

Levels and vault maps discovered:
D:1:      enne_arrival_octagon_isle, layout_basic
D:2:      layout_loops_cross, nicolae_ashenzari_panopticon,
          lemuel_crystal_altar, first_ration, chequers_ecumenical_altar_island,
          kennysheep_generic_room_12
D:3:      kb_forest_paths, layout_loops_ring, uniq_robin, uniq_natasha
D:4:      layout_basic, kennysheep_little_box, dancing_weapons_uskayaw
D:5:      layout_gridville, minmay_temple_entry_fiery
D:6:      layout_basic, lemuel_doored_altar, grunt_dithmenos_smoke,
          serial_aquarium, aquarium_bridge_straight [aquarium_subvault_bridge,
          aquarium_subvault_wall, aquarium_subvault_bridge,
          aquarium_subvault_window], aquarium_bridge_straight
          [aquarium_subvault_bridge, aquarium_subvault_balcony,
          aquarium_subvault_bridge, aquarium_subvault_wall], aquarium_window_1,
          aquarium_window_corner, aquarium_window_1, aquarium_window_1,
          aquarium_view_2c, aquarium_view_2c, aquarium_pool_side, minivault_22,
          hex_intersection, minivault_24, kennysheep_crisscross
D:7:      layout_basic, overflow_temple_1_default, kennysheep_mini_moat,
          marbit_many_paths, serial_shops, nicolae_shop_crystal,
          grunt_livestock, minmay_between, uniq_duvessa
D:8:      layout_loops_corners, chequers_serial_rivers_marsh, uniq_psyche
D:9:      layout_long_grid, lemuel_round_altar, orc_david_3,
          gammafunk_ghost_stat_death
D:10:     cheibrodos_iron_armory, layout_irregular_city
D:11:     layout_loops_cross, erik_lair_island, minmay_statue_crystal_thing
Temple:   nicolae_temple_x_marks_the_god
Lair:1:   layout_layer_cave, beast_lair_carwin_6, uniq_grum, uniq_nergalle
